Zazza, neutral female human Tourist ----- |<..--- |.....-- --..|....|.- --.|-.....- --- ....... -.|....| -----..| ------ |..| |....| -.... G-d |.$..| |......@. ---%-- ---....-.- ------.-.... |....(.. |..|-.........|..--|.. |..-...............-.--- ----- - -----.....{....----............... |.%............-- --|-- --------- |+-----.........| . |[..| --..------- |...| ---- ----- Zazza the Sightseer Experience level: 5 Strength: 11 Dexterity: 12 Constitution: 14 Intelligence: 17 Wisdom: 8 Charisma: 18 Health: 0(39) Energy: 16(16) Def: 3 Gold: 0 Moves: 3751 Dungeon seed: 46VuFG0Clx7B2kC0 Game ID: Zazza_1598980480 Your Inventory: Weapons a - 23 +2 darts (in quiver) l - 20 +0 darts u - a cursed -3 axe v - 3 +0 orcish daggers w - a +0 dwarvish short sword x - a +0 dagger A - a +0 short sword C - a +0 silver saber (weapon in hand) G - a +0 sling H - a cursed -2 bow K - a +0 sling M - a +0 elven dagger P - a cursed -2 sling R - 16 +0 arrows T - a blessed +0 arrow Y - a +0 mace Armor e - an uncursed +0 Hawaiian shirt (being worn) q - an uncursed +0 leather armor (being worn) y - an uncursed +0 orcish helm (being worn) Comestibles b - 4 uncursed food rations d - 3 uncursed eggs f - 2 uncursed slime molds m - an uncursed egg o - an uncursed slime mold p - an uncursed tin of newt meat s - an uncursed food ration Scrolls i - 3 uncursed scrolls of magic mapping Potions g - an uncursed potion of water S - an uncursed potion of polymorph V - an uncursed potion of sleeping Rings t - an uncursed ring of regeneration (on left hand) F - an uncursed ring of sustain ability Tools c - an uncursed lock pick j - an expensive camera (0:89) k - an uncursed skeleton key I - an uncursed credit card U - a cursed wax candle (0:400) X - an uncursed tin whistle Z - 15 uncursed tallow candles (0:200) Gems n - an uncursed worthless piece of red glass r - an uncursed worthless piece of black glass z - an uncursed jet stone Spells and supernatural/magical abilities: Name Level Category Fail Memory W - pray for help -- divine ? -- Your skills at the end: Fighting Skills Weapon Skills saber [Basic] dart [Basic] Spellcasting Skills Final Attributes: You were piously aligned. You regenerated. You were lucky. You are dead. Vanquished creatures: a small mimic a gnome king a bugbear a gnome lord 3 gnomish wizards a paper golem a little dog 3 dwarves a homunculus a hill orc a rabid rat an iguana a coyote 2 hobbits a giant rat a brown mold a yellow mold 3 green molds 6 gnomes a gecko 2 jackals a fox a kobold 5 goblins 3 sewer rats 6 grid bugs a bat 5 lichens 2 kobold zombies 4 newts 62 creatures vanquished. Voluntary challenges: You used a wielded weapon 75 times, starting on turn 792. You read items or engraved 22 times, starting on turn 872. You never genocided any monsters. You never polymorphed an object. You never changed form. You used no wishes. You never split a pudding. You wrote Elbereth's name 14 times, starting on turn 1341. You never violated your personal moral code. Dungeon overview: The Dungeons of Doom: levels 1 to 8 Level 1 some fountains, a sink a long staircase Level 2 a general store Level 3 Level 4 a weapon shop stairs to The Gnomish Mines Level 5 many fountains Level 6 Level 7 some fountains Level 8 an altar to The Lady, a fountain The Gnomish Mines: levels 5 to 8 Level 5 stairs to The Dungeons of Doom Level 6 Level 7 Level 8 <- You were here a delicatessen, a fountain History has recorded: On T:1 you entered the Dungeons of Doom to retrieve the Amulet of Yendor! On T:318 you reached level 2 of The Dungeons of Doom. On T:1191 you reached level 3 of The Dungeons of Doom. On T:1246 you reached level 4 of The Dungeons of Doom. On T:1427 you reached level 1 of The Gnomish Mines. On T:1987 you advanced to experience level 2. On T:2155 you reached level 5 of The Dungeons of Doom. On T:2236 you reached level 6 of The Dungeons of Doom. On T:2255 you reached level 7 of The Dungeons of Doom. On T:2264 you advanced to experience level 3. On T:2369 you reached level 8 of The Dungeons of Doom. On T:2772 you advanced to experience level 4. On T:3348 you reached level 2 of The Gnomish Mines. On T:3406 you reached level 3 of The Gnomish Mines. On T:3423 you reached level 4 of The Gnomish Mines. On T:3542 you advanced to experience level 5. Score breakdown: Gold: 0 ( 0 points) Experience: 5 levels (11141 points) Exploration: 8 levels ( 15.38%) (11114 points) Discoveries: 9 items ( 3.02%) ( 5213 points) Valuables value: (no points given unless you survive) Artifact value: 0 ( 0 points) Variety of kills: 30 monsters ( 7.87%) ( 8418 points) Turncount: 3751 turns ( -930 points) Survival: died (score multiplied by 80%) Total score: 27964 Latest messages: You feel much better. The gnome lord hits! You write in the dust with your fingers. The gnome lord turns to flee! (2x) There are a few objects here. You miss the gnome lord. You hit the gnome lord. You hear crashing rock. The gnome lord swings his aklys. The gnome lord hits! The gnome lord swings his aklys. The gnome lord hits! You miss the gnome lord. You hit the gnome lord. The gnome lord swings his aklys. The gnome lord hits! You hit the gnome lord! The gnome lord swings his aklys. The gnome lord hits! You miss the gnome lord. The gnome lord swings his aklys. The gnome lord hits! You die... Final status: Aloha Zazza the Tourist, killed by a gnome lord... You died in The Gnomish Mines on dungeon level 8 with 27964 points, and 0 pieces of gold, after 3751 moves. You were level 5 with a maximum of 39 hit points when you died.